 Dungeon Crawl Stone Soup version bcrawl-1.27.3 (webtiles) character file.

Game seed: 17302903596485464755

146638 Freyura the Covered (level 5, -1/33 HPs)
             Began as a Gargoyle Fighter on Aug 9, 2020.
             Killed by nerve-wracking pain
             ... invoked by an orc priest
              (3 damage)
             ... on level 4 of the Dungeon.
             The game lasted 00:06:23 (2746 turns).

Freyura the Covered (Gargoyle Fighter)              Turns: 2746, Time: 00:06:23

Health: -1/33      AC: 13    Str: 20    XL:     5   Next: 66%
Magic:  5/5        EV:  7    Int:  8    God:
Gold:   273        SH:  9    Dex: 10    Spells: 4/4 levels left

rFire    + . .     SeeInvis .   a - +1 flail
rCold    . . .     Gourm    .   c - +0 medium shield
rNeg     + . .     Faith    .   b - +0 scale mail
rPois    ∞         Spirit   .   g - +0 helmet
rElec    +         Reflect  .   (no cloak)
rCorr    .         Harm     .   i - +0 pair of gloves
MR       .....                  (no boots)
Stlth    ..........             (no amulet)
HPRegen  0.11/turn              k - +2 ring of evasion
MPRegen  0.09/turn              p - ring of protection from fire

@: no status effects
A: negative energy resistance 1, electricity resistance, unbreathing,
petrification resistance, rot immunity, AC +4
a: no special abilities


You were on level 4 of the Dungeon.
You were hungry.

You visited 1 branch of the dungeon, and saw 4 of its levels.

You collected 273 gold pieces.

Inventory:

Hand Weapons
 a - a +1 flail (weapon)
Armour
 b - a +0 scale mail (worn)
 c - a +0 medium shield (worn)
 g - a +0 helmet (worn)
 i - a +0 pair of gloves (worn)
Jewellery
 k - a +2 ring of evasion (left hand)
 p - a ring of protection from fire (right hand)
Scrolls
 h - 2 scrolls of remove curse
 l - a scroll of teleportation
 m - a scroll of enchant weapon
 n - a scroll of identify
 o - a scroll of immolation
 t - a scroll of amnesia {unknown}
Potions
 d - a potion of might
 f - a potion of flight
 j - 2 potions of curing
 q - a potion of berserk rage {unknown}
 r - a potion of lignification {unknown}
 s - a potion of mutation {unknown}
Comestibles
 e - 11 rations {!d}


   Skills:
 + Level 4.2 Fighting
 * Level 3.8 Maces & Flails
 + Level 4.2 Armour
 + Level 4.1 Shields


You had 4 spell levels left.
You didn't know any spells.
Your spell library was empty.

Dungeon Overview and Level Annotations

Branches:
Dungeon (4/12)
 Temple: D:4-7

Altars:
Okawaru
Trog
Vehumet


Innate Abilities, Weirdness & Mutations

You are resistant to torment.
Your stone body is resilient. (AC +4)
You are immune to poison.
You resist negative energy. (rN+)
You are resistant to electric shocks. (rElec)
You can survive without breathing.
You are immune to petrification.
You are immune to rotting.


Message History

You kill the hound!
An orc priest comes into view. It is wielding a +0 dagger.
The orc priest shouts!
You hear a shout!
The orc priest mumbles some strange prayers to Beogh against you.
Beogh smites you!
You hear a shout!
An orc comes into view. It is wielding a +0 flail.
The orc shouts!
You hear a shout!
An orc priest comes into view.
The orc priest calls down the wrath of Beogh upon you.
Beogh smites you!
You are too injured to fight recklessly!
The orc priest invokes the aid of Beogh against you.
Beogh smites you!
* * * LOW HITPOINT WARNING * * *
You hear a shout!
There is a stone staircase leading up here.
The orc priest invokes the aid of Beogh against you.
Pain shoots through your body!
You die...

##.......##
#.........##
...........###
.............###
#..............#
#..........((.#
#......†......#
#......@...#
#.........##
##.....o.##
##....%.#
#....#o#
######.. ##o# ..
...


You could see 2 orc priests and an orc.

Vanquished Creatures
  A crimson imp (D:3)
  A hound (D:4)
  4 gnolls (D:3)
  An adder (D:3)
  3 worms
  4 leopard geckos
  3 orcs
  5 goblins (D:1)
  7 hobgoblins
  8 jackals
  3 quokkas
  A ball python (D:1)
  6 bats
  2 frilled lizards (D:2)
  6 kobolds
  7 rats
62 creatures vanquished.

Notes
Turn   | Place    | Note
-------+----------+-------------------------------------------
     0 | D:1      | Freyura the Gargoyle Fighter began the quest for the Orb.
     0 | D:1      | Reached XP level 1. HP: 14/14 MP: 1/1
   159 | D:1      | Reached XP level 2. HP: 15/19 MP: 2/2
   498 | D:1      | Reached XP level 3. HP: 23/23 MP: 3/3
   904 | D:2      | Found a bloodstained altar of Trog.
  1622 | D:2      | Found an iron altar of Okawaru.
  1626 | D:2      | Found a radiant altar of Vehumet.
  1715 | D:3      | Reached XP level 4. HP: 20/29 MP: 4/4
  2256 | D:3      | Reached XP level 5. HP: 32/33 MP: 5/5
  2746 | D:4      | Killed from afar by an orc priest

Skill      XL: |  1  2  3  4  5 |
---------------+----------------+-----
Maces & Flails | 3 |  3.8
Armour         | 4 |  4.2
Shields        | 4 |  4.1
Fighting       | 4 |  4.2

Action                   |  1- 3 |  4- 6 || total
-------------------------+-------+-------++-------
Melee: Flail             |   145 |    94 ||   239
  Use: Scroll            |     6 |     2 ||     8
       Potion            |     1 |       ||     1
  Eat: Chunk             |     8 |     5 ||    13
Armor: Scale mail        |    96 |    61 ||   157
Dodge: Dodged            |    40 |    21 ||    61
Block: Medium shield     |    82 |    47 ||   129
